AA SOUTH
TENNESSEE SMOKIES @ WEST VIRGINIA BLACK BEARS
06/12/2042
 
TOP OF THE 1ST
Tennessee Smokies batting - Pitching for West Virginia Black Bears : LHP Ronnie Ashley
Pitching: LHP Ronnie Ashley
Batting: LHB Deron Hatfield 0-0: Called Strike
0-1: Foul Ball, location: 2F
0-2: Strikes out looking
Batting: RHB Dave Scott 0-0: Called Strike
0-1: Ball
1-1: Foul Ball, location: 5DF
1-2: Strikes out swinging
Batting: RHB Dewitt Bass 0-0: Foul Ball, location: 9LSF
0-1: Called Strike
0-2: Ground out 6-3 (Groundball, 6M, EV 105.0 MPH)
Top of the 1st over - 0 runs, 0 hits, 0 errors, 0 left on base; Tennessee 0 - West Virginia 0
BOTTOM OF THE 1ST
West Virginia Black Bears batting - Pitching for Tennessee Smokies : LHP Alfredo Lara
Pitching: LHP Alfredo Lara
Batting: RHB Kevin Davis 0-0: Called Strike
0-1: Ball
1-1: Called Strike
1-2: Ball
2-2: Strikes out swinging
Batting: SHB Jeff Hansen 0-0: Ball
1-0: Ball
2-0: Fly out, F8 (Line Drive, 8LD, EV 90.0 MPH)
Batting: RHB Marc McInnis 0-0: Foul Ball, location: 9LSF
0-1: Ball
1-1: Foul Ball, location: 2F
1-2: Strikes out swinging
Bottom of the 1st over - 0 runs, 0 hits, 0 errors, 0 left on base; Tennessee 0 - West Virginia 0
TOP OF THE 2ND
Tennessee Smokies batting - Pitching for West Virginia Black Bears : LHP Ronnie Ashley
Batting: LHB Johnathan Alexander 0-0: Called Strike
0-1: Foul Ball, location: 2F
0-2: Ball
1-2: Foul Ball, location: 2F
1-2: Ball
2-2: Ball
3-2: Fly out, F8 (Line Drive, 8LM, EV 95.6 MPH)
Batting: RHB Pepe Vega 0-0: Ball
1-0: Ball
2-0: Fly out, F7 (Flyball, 7LD, EV 94.4 MPH)
Batting: LHB Norberto Liñares 0-0: Bunt missed!
0-1: Ball
1-1: Ball
2-1: Ball
3-1: Base on Balls
Batting: LHB Jorge García 0-0: Ball
Norberto Liñares steals 2nd base
1-0: Foul Ball, location: 9LSFF
1-1: Ball
2-1: Foul Ball, location: 2F
2-2: Foul Ball, location: 3FF
2-2: Fly out, F9 (Flyball, 9, EV 96.9 MPH)
Top of the 2nd over - 0 runs, 0 hits, 0 errors, 1 left on base; Tennessee 0 - West Virginia 0
BOTTOM OF THE 2ND
West Virginia Black Bears batting - Pitching for Tennessee Smokies : LHP Alfredo Lara
Batting: RHB Thad Bunch 0-0: Fly out, F7 (Flyball, 78S, EV 83.8 MPH)
Batting: RHB Tim Ward 0-0: Foul Ball, location: 2F
0-1: Ball
1-1: Ground out 4-3 (Groundball, 4S, EV 67.5 MPH)
Batting: RHB Jimmy Frazier 0-0: Called Strike
0-1: Ball
1-1: Ball
2-1: Ball
3-1: Base on Balls
Batting: LHB Chris MacIntosh 0-0: Swinging Strike
0-1: Swinging Strike
0-2: Ball
1-2: Ball
2-2: Foul Ball, location: 7LSF
2-2: Ground out 6-3 (Groundball, 6M, EV 103.1 MPH)
Bottom of the 2nd over - 0 runs, 0 hits, 0 errors, 1 left on base; Tennessee 0 - West Virginia 0
TOP OF THE 3RD
Tennessee Smokies batting - Pitching for West Virginia Black Bears : LHP Ronnie Ashley
Batting: RHB Clint Rice 0-0: Foul Ball, location: 3SF
0-1: Called Strike
0-2: Ball
1-2: Ball
2-2: Ball
3-2: Fly out, F5 (Line Drive, 6, EV 73.1 MPH)
Batting: RHB Jorge Colón 0-0: Ball
1-0: Ball
2-0: Ball
3-0: Called Strike
3-1: Called Strike
3-2: Base on Balls
Batting: LHB Deron Hatfield 0-0: Ball
1-0: Fielders Choice at 2nd, 4-6 (Groundball, 4, EV 83.8 MPH)
Batting: RHB Dave Scott 0-0: Swinging Strike
0-1: Ball
1-1: Ball
2-1: Foul Ball, location: 5F
2-2: Foul Ball, location: 25F
2-2: Ball
3-2: Foul Ball, location: 25F
3-2: SINGLE (Line Drive, 56, EV 97.5 MPH)
Deron Hatfield to second
Deron Hatfield to third
Batting: RHB Dewitt Bass 0-0: Ball
1-0: Ball
2-0: 3-RUN HOME RUN (Flyball, 7D, EV 93.1 MPH), Distance : 344 ft
Batting: LHB Johnathan Alexander 0-0: Ball
1-0: Called Strike
1-1: Foul Ball, location: 3F
1-2: Foul Ball, location: 3SF
1-2: Ball
2-2: SOLO HOME RUN (Flyball, 89XD, EV 95.0 MPH), Distance : 373 ft
Batting: RHB Pepe Vega 0-0: Ball
1-0: Swinging Strike
1-1: Called Strike
1-2: Ball
2-2: Strikes out swinging
Top of the 3rd over - 4 runs, 3 hits, 0 errors, 0 left on base; Tennessee 4 - West Virginia 0
BOTTOM OF THE 3RD
West Virginia Black Bears batting - Pitching for Tennessee Smokies : LHP Alfredo Lara
Pitching: LHP Eldon McCarty
Batting: LHB Charlie Upton 0-0: Called Strike
0-1: Foul Ball, location: 25F
0-2: Ground out 5-3 (Groundball, 5L, EV 83.8 MPH)
Batting: RHB Kevin Wadley 0-0: Foul Ball, location: 9LSF
0-1: Ground out 6-3 (Groundball, 6, EV 99.4 MPH)
Batting: RHB Kevin Davis 0-0: Ball
1-0: Foul Ball, location: 5SF
1-1: Foul Ball, location: 2F
1-2: Ground out 6-3 (Groundball, 6M, EV 86.9 MPH)
Bottom of the 3rd over - 0 runs, 0 hits, 0 errors, 0 left on base; Tennessee 4 - West Virginia 0
TOP OF THE 4TH
Tennessee Smokies batting - Pitching for West Virginia Black Bears : LHP Ronnie Ashley
Batting: LHB Norberto Liñares 0-0: Ball
1-0: Ball
2-0: Foul Ball, location: 23F
2-1: Ball
3-1: Base on Balls
Batting: LHB Jorge García 0-0: Ball
1-0: Fielders Choice at 2nd, 3-6 (Groundball, 3, EV 88.1 MPH)
Batting: RHB Clint Rice 0-0: Ball
1-0: Foul Ball, location: 23F
1-1: Called Strike
1-2: Strikes out looking
Batting: RHB Jorge Colón 0-0: Ball
1-0: Ball
2-0: Ball
3-0: Called Strike
3-1: Called Strike
3-2: Foul Ball, location: 2F
3-2: Strikes out swinging
Top of the 4th over - 0 runs, 0 hits, 0 errors, 1 left on base; Tennessee 4 - West Virginia 0
BOTTOM OF THE 4TH
West Virginia Black Bears batting - Pitching for Tennessee Smokies : LHP Eldon McCarty
Batting: SHB Jeff Hansen 0-0: Foul Ball, location: 2F
0-1: Foul Ball, location: 2F
0-2: Foul Ball, location: 2F
0-2: Ball
1-2: Ball
2-2: Strikes out looking
Batting: RHB Marc McInnis 0-0: Foul Ball, location: 3F
0-1: Ball
1-1: Ball
2-1: Foul Ball, location: 7LSF
2-2: Strikes out swinging
Batting: RHB Thad Bunch 0-0: Foul Ball, location: 2F
0-1: Ball
1-1: Foul Ball, location: 9LDF
1-2: Ball
2-2: Fly out, F3 (Popup, 3SF, EV 66.3 MPH)
Bottom of the 4th over - 0 runs, 0 hits, 0 errors, 0 left on base; Tennessee 4 - West Virginia 0
TOP OF THE 5TH
Tennessee Smokies batting - Pitching for West Virginia Black Bears : LHP Ronnie Ashley
Pitching: RHP Eli Simmons
Batting: LHB Deron Hatfield 0-0: Called Strike
0-1: Swinging Strike
0-2: Ball
1-2: Strikes out swinging
Batting: RHB Dave Scott 0-0: Called Strike
0-1: Swinging Strike
0-2: Ball
1-2: Strikes out swinging
Batting: RHB Dewitt Bass 0-0: Ball
1-0: Ball
2-0: Ball
3-0: Base on Balls
Batting: LHB Johnathan Alexander 0-0: Ball
1-0: 2-RUN HOME RUN (Flyball, 9LD, EV 96.3 MPH), Distance : 332 ft
Batting: RHB Pepe Vega 0-0: Ball
1-0: Foul Ball, location: 3F
1-1: Foul Ball, location: 23F
1-2: Ball
2-2: Strikes out swinging
Top of the 5th over - 2 runs, 1 hit, 0 errors, 0 left on base; Tennessee 6 - West Virginia 0
BOTTOM OF THE 5TH
West Virginia Black Bears batting - Pitching for Tennessee Smokies : LHP Eldon McCarty
Batting: RHB Tim Ward 0-0: Ground out 6-3 (Groundball, 6, EV 107.5 MPH)
Batting: RHB Jimmy Frazier 0-0: Called Strike
0-1: Swinging Strike
0-2: Strikes out swinging
Batting: LHB Chris MacIntosh 0-0: Called Strike
0-1: Ground out 4-3 (Groundball, 4, EV 88.8 MPH)
Bottom of the 5th over - 0 runs, 0 hits, 0 errors, 0 left on base; Tennessee 6 - West Virginia 0
TOP OF THE 6TH
Tennessee Smokies batting - Pitching for West Virginia Black Bears : RHP Eli Simmons
Batting: LHB Norberto Liñares 0-0: Ground out 4-3 (Groundball, 4D, EV 101.9 MPH)
Batting: LHB Jorge García 0-0: Foul Ball, location: 2F
0-1: TRIPLE (Line Drive, 9D, EV 107.5 MPH)
Batting: RHB Clint Rice 0-0: Ball
1-0: Ball
2-0: Ball
3-0: Called Strike
3-1: Base on Balls
Batting: RHB Jorge Colón 0-0: Called Strike
0-1: Ball
1-1: Foul Ball, location: 3F
1-2: Ball
2-2: Strikes out swinging
Batting: LHB Deron Hatfield 0-0: 3-RUN HOME RUN (Flyball, 7LD, EV 91.3 MPH), Distance : 329 ft
Pitching: LHP Aurelio Palmeiro
Batting: RHB Dave Scott 0-0: Ball
1-0: Ground out 5-3 (Groundball, 56S, EV 85.0 MPH)
Top of the 6th over - 3 runs, 2 hits, 0 errors, 0 left on base; Tennessee 9 - West Virginia 0
BOTTOM OF THE 6TH
West Virginia Black Bears batting - Pitching for Tennessee Smokies : LHP Eldon McCarty
Batting: LHB Charlie Upton 0-0: Ball
1-0: Called Strike
1-1: Foul Ball, location: 9LDF
1-2: Ball
2-2: Ball
3-2: Strikes out looking
Batting: RHB Kevin Wadley 0-0: Called Strike
0-1: Foul Ball, location: 7LMF
0-2: Ball
1-2: Strikes out swinging
Batting: RHB Kevin Davis 0-0: Ball
1-0: Foul Ball, location: 7LMF
1-1: Ball
2-1: Called Strike
2-2: Ground out 4-3 (Groundball, 4M, EV 107.5 MPH)
Bottom of the 6th over - 0 runs, 0 hits, 0 errors, 0 left on base; Tennessee 9 - West Virginia 0
TOP OF THE 7TH
Tennessee Smokies batting - Pitching for West Virginia Black Bears : LHP Aurelio Palmeiro
Batting: RHB Dewitt Bass 0-0: Ball
1-0: Ball
2-0: Foul Ball, location: 2F
2-1: Foul Ball, location: 9LMF
2-2: Ball
3-2: Strikes out swinging, 2-3 out at first.
Batting: LHB Johnathan Alexander 0-0: Ball
1-0: Called Strike
1-1: Ball
2-1: Foul Ball, location: 2RF
2-2: Strikes out swinging
Batting: RHB Pepe Vega 0-0: Foul Ball, location: 2F
0-1: Called Strike
0-2: Foul Ball, location: 3FF
0-2: Ball
1-2: Ground out 5-3 (Groundball, 56S, EV 80.6 MPH)
Top of the 7th over - 0 runs, 0 hits, 0 errors, 0 left on base; Tennessee 9 - West Virginia 0
BOTTOM OF THE 7TH
West Virginia Black Bears batting - Pitching for Tennessee Smokies : LHP Eldon McCarty
Batting: SHB Jeff Hansen 0-0: Ground out 4-3 (Groundball, 34D, EV 94.4 MPH)
Pinch Hitting: RHB Augusto Rúbio 0-0: Called Strike
0-1: Foul Ball, location: 5F
0-2: Ball
1-2: Ball
2-2: Ball
3-2: Ground out 6-3 (Groundball, 6, EV 78.8 MPH)
Batting: RHB Thad Bunch 0-0: Fly out, F8 (Flyball, 78M, EV 80.0 MPH)
Bottom of the 7th over - 0 runs, 0 hits, 0 errors, 0 left on base; Tennessee 9 - West Virginia 0
TOP OF THE 8TH
Tennessee Smokies batting - Pitching for West Virginia Black Bears : LHP Aurelio Palmeiro
Now at 1B: Augusto Rúbio
Pinch Hitting: RHB Simone Cigala 0-0: Swinging Strike
0-1: Ball
1-1: SINGLE (Flyball, 8RS, EV 83.1 MPH)
Batting: LHB Jorge García 0-0: Called Strike
0-1: Ball
1-1: Ball
2-1: Foul Ball, location: 3SF
2-2: Ball
3-2: Strikes out swinging
Batting: RHB Clint Rice 0-0: Ball
1-0: Fly out, F7 (Flyball, 7D, EV 108.1 MPH)
Batting: RHB Jorge Colón 0-0: Swinging Strike
0-1: Ball
1-1: Ball
2-1: Foul Ball, location: 5DF
2-2: Foul Ball, location: 3F
2-2: Foul Ball, location: 2RF
2-2: Foul Ball, location: 23F
2-2: Strikes out swinging
Top of the 8th over - 0 runs, 1 hit, 0 errors, 1 left on base; Tennessee 9 - West Virginia 0
BOTTOM OF THE 8TH
West Virginia Black Bears batting - Pitching for Tennessee Smokies : LHP Eldon McCarty
Now at 2B: Simone Cigala
Batting: RHB Tim Ward 0-0: Called Strike
0-1: Called Strike
0-2: Ball
1-2: Ball
2-2: Ball
3-2: Reached on error, E4 (Groundball, 4, EV 91.3 MPH)
Batting: RHB Jimmy Frazier 0-0: Foul Ball, location: 3F
0-1: Fly out, F8 (Flyball, 8RD, EV 105.6 MPH)
Pinch Hitting: RHB Anastasio Navarro 0-0: Ball
1-0: Called Strike
1-1: Called Strike
1-2: Strikes out swinging
Pinch Hitting: LHB Chuck Christian 0-0: Ball
1-0: Foul Ball, location: 7LSF
1-1: Ball
2-1: Foul Ball, location: 2F
2-2: Strikes out swinging
Bottom of the 8th over - 0 runs, 0 hits, 1 error, 1 left on base; Tennessee 9 - West Virginia 0
TOP OF THE 9TH
Tennessee Smokies batting - Pitching for West Virginia Black Bears : LHP Aurelio Palmeiro
Now in LF: Chuck Christian
Now in RF: Demy Wiersma
Batting: LHB Deron Hatfield 0-0: Called Strike
0-1: Swinging Strike
0-2: Ball
1-2: Ball
2-2: Ball
3-2: Foul Ball, location: 2F
3-2: Ground out 4-3 (Groundball, 4, EV 85.6 MPH)
Batting: RHB Dave Scott 0-0: Called Strike
0-1: Called Strike
0-2: SINGLE (Groundball, 34S, EV 71.3 MPH) (infield hit)
Pitching: RHP Steve Hansen
Batting: RHB Dewitt Bass 0-0: Called Strike
0-1: Ball
1-1: Ball
2-1: Swinging Strike
2-2: Fly out, F4 (Popup, 4MD, EV 59.4 MPH)
Batting: LHB Johnathan Alexander 0-0: Ball
1-0: Called Strike
1-1: Ball
2-1: Foul Ball, location: 2F
2-2: 2-RUN HOME RUN (Flyball, 9D, EV 91.9 MPH), Distance : 336 ft
Batting: RHB Pepe Vega 0-0: Ball
1-0: SINGLE (Groundball, 6MD, EV 102.5 MPH)
Batting: RHB Simone Cigala 0-0: Fly out, F8 (Flyball, 8RD, EV 89.4 MPH)
Top of the 9th over - 2 runs, 3 hits, 0 errors, 1 left on base; Tennessee 11 - West Virginia 0
BOTTOM OF THE 9TH
West Virginia Black Bears batting - Pitching for Tennessee Smokies : LHP Eldon McCarty
Batting: RHB Kevin Wadley 0-0: Foul Ball, location: 23FF
0-1: Swinging Strike
0-2: Strikes out swinging
Batting: RHB Kevin Davis 0-0: Ball
1-0: Ball
2-0: Ball
3-0: Called Strike
3-1: Foul Ball, location: 3F
3-2: Base on Balls
Batting: SHB Jeff Hansen 0-0: Called Strike
0-1: Swinging Strike
0-2: Fly out, F3 (Popup, 23F, EV 83.1 MPH)
Pinch Hitting: RHB Ben Miller 0-0: Foul Ball, location: 9LMF
0-1: Fly out, F9 (Flyball, 9D, EV 103.8 MPH)
Bottom of the 9th over - 0 runs, 0 hits, 0 errors, 1 left on base; Tennessee 11 - West Virginia 0
Friday, May 3rd , 2024 - OOTP Baseball 24.10 Build 82